 Dungeon Crawl Stone Soup version 0.28-a0-1038-g9c4cb8273d (webtiles) character file.

Game seed: 5926424580845098953

44 tilp the Chiller (level 3, 14/14 HPs)
             Began as a Felid Ice Elementalist on Dec 8, 2021.
             Quit the game on level 3 of the Dungeon.
             The game lasted 00:02:43 (3042 turns).

tilp the Chiller (Felid Ice Elementalist)           Turns: 3042, Time: 00:02:44

Health: 14/14      AC:  1    Str:  4    XL:     3   Next: 39%
Magic:  8/8        EV: 17    Int: 18    God:
Gold:   64         SH:  0    Dex: 16    Spells: 6/7 levels left
                                        Lives:  0   Deaths: 1

rFire   . . .      SeeInvis +     - Unarmed
rCold   . . .      Faith    .   (shield unavailable)
rNeg    . . .      Spirit   .   (armour unavailable)
rPois   .          Reflect  .   (helmet unavailable)
rElec   .          Harm     .   (cloak unavailable)
rCorr   .          Rampage  .   (gloves unavailable)
Will    .....                   (boots unavailable)
Stlth   ++........              (no amulet)
HPRegen 0.04/turn               (no ring)
MPRegen 0.11/turn               (no ring)

@: quick
A: very small, claws 1, fangs 3, see invisible, speed 1, shaggy fur 1, stealthy
paws, no weapons or thrown items, no armour, multi-lived
a: no special abilities


You were on level 3 of the Dungeon.
You visited 1 branch of the dungeon, and saw 3 of its levels.

You collected 64 gold pieces.

Inventory:

Wands
 h - a wand of acid (8)
Potions
 a - a potion of curing
 b - a potion of brilliance {unknown}
 c - a potion of heal wounds {unknown}
 e - a potion of haste {unknown}


   Skills:
 - Level 2.6 Dodging
 - Level 2.6 Stealth
 - Level 2.0 Unarmed Combat
 + Level 2.7 Spellcasting
 * Level 4.5 Ice Magic


You had 6 spell levels left.
You knew the following spells:

 Your Spells              Type           Power      Damage    Failure   Level
a - Freeze                Ice            72%        1d9       2%          1

Your spell library contained the following spells:

 Spells                   Type           Power      Damage    Failure   Level
 Frozen Ramparts          Ice            36%        1d5       8%          3
 Ozocubu's Armour         Ice            18%        N/A       8%          3
 Ensorcelled Hibernation  Hex/Ice        20%        N/A       10%         2
 Tukima's Dance           Hex            2%         N/A       45%         3
 Hailstorm                Conj/Ice       10%        3d5       54%         4
 Ice Form                 Ice/Tmut       10%        N/A       54%         4
 Simulacrum               Ice/Necr       5%         N/A       100%        6


Dungeon Overview and Level Annotations

Branches:
Dungeon (3/15)

Altars:

Annotations:
D:3 Ijyb


Innate Abilities, Weirdness & Mutations

You have sharp claws.
You have razor-sharp teeth.
You have supernaturally acute eyesight. (SInv)
You cover ground quickly. (Speed+)
You are covered in fur. (AC +1)
Your paws help you pounce on unaware monsters.
You are incapable of wielding weapons or throwing items.
You cannot wear armour.
You gain extra lives every three experience levels.


Message History

HP restored.
(D) Dungeon
Where to? (Enter - D:2, ? - help)
There is a stone staircase leading down here.
You climb downwards.
There is a stone staircase leading up here.
There is a stone staircase leading up here.
Ijyb the Twisted Goblin comes into view.
She is wielding a +0 club and carrying a wand of iceblast (7).
The helpless Ijyb fails to defend herself.
You scratch Ijyb but do no damage. Ijyb hits you with a +0 club.
Unknown command.
Aiming: Corrosive Bolt
Press: ? - help, Shift-Dir - straight line, f - Ijyb
Aim: Ijyb, wielding a +0 club, wearing a +0 chain mail and carrying a wand of iceblast (7) (71% to hit)
The bolt of acid hits Ijyb.
The acid corrodes Ijyb!
Ijyb is lightly wounded.
Ijyb hits you with a +0 club.
* * * LOW HITPOINT WARNING * * *
Unknown command.
Aiming: Corrosive Bolt
Press: ? - help, Shift-Dir - straight line, f/p - Ijyb
Aim: Ijyb, wielding a +0 club, wearing a +0 chain mail and carrying a wand of iceblast (7) (lightly wounded, covered in acid, 71% to hit)
The bolt of acid misses Ijyb.
Ijyb hits you with a +0 club.
* * * LOW HITPOINT WARNING * * *
Unknown command.
Unknown command.
Aiming: Corrosive Bolt
Press: ? - help, Shift-Dir - straight line, f/p - Ijyb
Aim: Ijyb, wielding a +0 club, wearing a +0 chain mail and carrying a wand of iceblast (7) (lightly wounded, covered in acid, 71% to hit)
The bolt of acid hits Ijyb!
Ijyb seems to be corroded for longer.
Ijyb is heavily wounded.
Ijyb hits you with a +0 club.
You die...
You are now level 3!
You rejoin the land of the living...
Found a stone staircase leading down.
Unknown command.
Unknown command.
Unknown command.
Are you sure you want to abandon this character and quit the game? (Confirm with "yes".)

# #. .####.#
......>###.#
.......@...#
#####..#####
#.. #.. #..
... #...
#.#.


There were no monsters in sight!

Vanquished Creatures
  Jessica (D:2)
  2 adders (D:2)
  A dart slug (D:2)
  3 ball pythons
  3 endoplasms (D:1)
  2 giant cockroaches
  8 goblins
  5 hobgoblins
  3 jackals (D:2)
  A kobold (D:1)
  5 quokkas
  3 bats
  4 frilled lizards
  2 rats (D:1)
43 creatures vanquished.

Notes
Turn   | Place    | Note
-------+----------+-------------------------------------------
     0 | D:1      | tilp the Felid Ice Elementalist began the quest for the
                  | Orb.
     0 | D:1      | Reached XP level 1. HP: 7/7 MP: 4/4
    97 | D:1      | Reached skill level 1 in Unarmed Combat
   334 | D:1      | Reached XP level 2. HP: 11/11 MP: 3/6
   391 | D:1      | Found a faded altar of an unknown god.
  1551 | D:2      | Reached XP level 3. HP: 14/14 MP: 7/7
  1564 | D:2      | Noticed Jessica
  1569 | D:2      | Killed Jessica
  1570 | D:2      | Reached skill level 4 in Ice Magic
  1946 | D:2      | Reached XP level 4. HP: 5/18 MP: 3/8
  3035 | D:3      | Noticed Ijyb
  3041 | D:3      | Slain by Ijyb
  3042 | D:3      | Reached XP level 3. HP: 0/14 MP: 8/8
  3042 | D:3      | Quit the game

Illustrated notes

Levels and vault maps discovered:
D:1:      dpeg_arrival_radiant, layout_basic,
          ebering_ecumenical_altar_sacrificial, hangedman_abyss_or_decor_stabs
D:2:      layout_basic, uniq_jessica
D:3:      layout_loops_ring, yredelemnul_forgotten_temple_becter,
          uniq_crazy_yiuf_cottage, uniq_ijyb

Skill      XL: |  1  2  3 |
---------------+----------+-----
Unarmed Combat | 1 2 |  2.0
Ice Magic      | 4 |  4.5
Dodging        | |  2.6
Stealth        | |  2.6
Spellcasting   | |  2.7

Action                   |  1- 3 |  4- 6 || total
-------------------------+-------+-------++-------
Melee: Unarmed           |    17 |     6 ||    23
       Bite              |     2 |       ||     2
 Cast: Freeze            |    44 |    12 ||    56
Evoke: Wand              |       |     3 ||     3
  Use: Scroll            |       |     3 ||     3
 Stab: Sleeping          |     4 |     4 ||     8
Armor: Skin              |     2 |       ||     2
Dodge: Dodged            |    32 |     8 ||    40

Table legend: (Time is in decaauts)
 A = Elapsed time spent in this place.
 B = Non-inter-level travel time spent in this place.
 C = Inter-level travel time spent in this place.
 D = Time resting spent in this place.
 E = Time spent auto-exploring this place.
 F = Levels seen in this place.
 G = Mean time per level.
                   A        B        C        D        E       F      G
               +--------+--------+--------+--------+--------+-----+--------+
         Total |   2846 |   2795 |     51 |    549 |   1933 |   3 |  948.7 |
       Dungeon |   2846 |   2795 |     51 |    549 |   1933 |   3 |  948.7 |
               +--------+--------+--------+--------+--------+-----+--------+

Top non-repeatable levels by time:
     D:1: 1453 daAuts
     D:2: 1377 daAuts
     D:3: 15 daAuts
